 Dungeon Crawl Stone Soup version 0.28.0-53-g5a82cb258f (webtiles) character file.

Game seed: 17704928387037477747

331 Zeld the Changer (level 6, 0/47 HPs)
             Began as a Draconian Transmuter on May 21, 2022.
             Slain by Duvessa
             ... wielding a +0 rapier
              (11 damage)
             ... on level 3 of the Dungeon.
             The game lasted 00:03:50 (5312 turns).

Zeld the Changer (Draconian Transmuter)             Turns: 5312, Time: 00:03:50

Health: 0/47       AC:  2    Str: 14    XL:     6   Next: 26%
Magic:  10/12      EV: 19    Int: 13    God:
Gold:   15         SH:  0    Dex: 17    Spells: 3/13 levels left

rFire   . . .      SeeInvis .     - Unarmed
rCold   . . .      Faith    .   (shield currently unavailable)
rNeg    . . .      Spirit   .   (armour unavailable)
rPois   x          Reflect  .   (helmet currently unavailable)
rElec   .          Harm     .   (cloak currently unavailable)
rCorr   .          Rampage  .   (gloves currently unavailable)
Will    .....                   (boots currently unavailable)
Stlth   ++........              (no amulet)
HPRegen 0.15/turn               (no ring)
MPRegen 0.13/turn               (no ring)

@: spider-form (expiring)
A: venomous fangs, AC +6, tiny, unfitting armour, (cold-blooded)
a: End Transformation


You were on level 3 of the Dungeon.
You were a venomous arachnid creature.
You visited 1 branch of the dungeon, and saw 4 of its levels.

You collected 97 gold pieces.
You spent 82 gold pieces at shops.

Inventory:

Armour
 c - a +0 cloak (melded)
Wands
 j - a wand of paralysis (6)
Scrolls
 a - a scroll of magic mapping {unknown}
 b - a scroll of immolation {unknown}
 g - 3 scrolls of identify
 i - a scroll of enchant armour {unknown}
 k - a scroll of fog {unknown}
 l - a scroll of enchant weapon {unknown}
 o - a scroll of vulnerability {unknown}
 p - a scroll of summoning {unknown}
Potions
 d - a potion of lignification {unknown}
 e - 2 potions of curing
 f - a potion of haste {unknown}
 h - 2 potions of heal wounds
 m - a potion of magic {unknown}
 n - a potion of mutation {unknown}
 q - a potion of berserk rage {unknown}


   Skills:
 + Level 1.1 Fighting
 + Level 1.7 Dodging
 * Level 3.0 Unarmed Combat
 * Level 4.0 Spellcasting
 * Level 4.2 Transmutations
 - Level 2.0 Ice Magic
 - Level 2.0 Poison Magic


You had 3 spell levels left.
You knew the following spells:

 Your Spells              Type           Power      Damage    Failure   Level
a - Beastly Appendage     Tmut           26%        N/A       12%         1
b - Wereblood             Tmut           13%        N/A       16%         2
c - Spider Form           Tmut/Pois      10%        N/A       36%         3
d - Ice Form              Ice/Tmut       10%        N/A       71%         4

Your spell library contained the following spells:

 Spells                   Type           Power      Damage    Failure   Level
 Blink                    Tloc           4%         N/A       52%         2
 Static Discharge         Conj/Air       2%         N/A       52%         2
 Sublimation of Blood     Necr           2%         N/A       52%         2
 Lesser Beckoning         Tloc           2%         N/A       73%         3
 Dispel Undead            Necr           2%         3d7       97%         4
 Sticky Flame             Conj/Fire      2%         2d3       97%         4
 Manifold Assault         Tloc           2%         N/A       100%        5
 Summon Hydra             Summ           1%         N/A       100%        7


Dungeon Overview and Level Annotations

Branches:
Dungeon (4/15)
 Temple: D:4-7

Altars:
Sif Muna
Yredelemnul

Shops:
D:1 *   D:2 ?

Annotations:
D:3 Dowan, Duvessa


Innate Abilities, Weirdness & Mutations

You are a venomous arachnid creature.
You have poisonous fangs.
You are tiny and dextrous.
Your spellcasting is less reliable in this form.
Your armour is entirely melded.
You are incapable of wielding weapons or throwing items.
((Your plain brown scales are hard. (AC +6)))
You cannot fit into any form of body armour.
((You are cold-blooded and may be slowed by cold attacks.))


Message History

You are very lightly contaminated with residual magic.
Nothing appears to happen.
Dowan casts a spell at you.
The puff of frost hits you but does no damage.
Duvessa hits you with a +0 rapier. Duvessa hits you with a +0 rapier.
You climb upwards.
There is a stone staircase leading down here.
You start resting.
Your magical contamination has completely faded away.
You start resting.
Magic restored.
You start resting.
HP restored.
Casting: Spider Form (dangerous; 17% risk of failure)
Confirm with . or Enter, or press ? or * to list all spells.
You turn into a venomous arachnid creature.
Your +0 cloak melds into your body.
You climb downwards.
Level annotation: Dowan, Duvessa Duvessa hits you with a +0 rapier.
Dowan points at you and mumbles some strange words.
The puff of frost hits you!
There is a stone staircase leading up here.
You hit Duvessa but do no damage.
Duvessa is poisoned.
Duvessa drinks a potion.
Duvessa is healed!
Duvessa looks more healthy.
Dowan casts a spell at you. The puff of frost misses you.
Unknown command.
You hit Duvessa but do no damage.
Duvessa is poisoned.
Duvessa hits you with a +0 rapier. Duvessa hits you with a +0 rapier!
Dowan completely misses you.
You climb upwards.
Your transformation is almost over.
There is a stone staircase leading down here.
Duvessa hits you with a +0 rapier!
* * * LOW HITPOINT WARNING * * *
Dowan barely misses you. Duvessa hits you with a +0 rapier!
You die...

...##......##..#.#..............#
.####......##..#.#..............#
.#############.#.#..............#
.#.....#.......#.#......####.####
.#.###.#.#####.#.###+#### #.##..
.#.# #.#.# #...#...# #.##.# .#.#
#.#.# ##..#...# #.##.# ##.# #.#.#
#..#...# #.##.# ##.###.#.#
#.s#...# #.##.# ##...#.#.#
#e.#...# #.##.# ####.#.#.#
#e>#...#######.##.# ...<.#.#.#
####...........#... ###.##.#.#
#..############# .......#.#
#..)............
###.####.#########.##############
....# #.................# #....
##### ###########.###...# #.###


You could see Duvessa (very poisoned) and Dowan.

Vanquished Creatures
  A water moccasin (D:4)
  Crazy Yiuf (D:2)
  A bullfrog skeleton (D:3)
  4 gnolls (D:4)
  6 adders
  A worm (D:2)
  2 dart slugs (D:1)
  7 endoplasms
  4 giant cockroaches
  6 goblins
  6 hobgoblins
  7 kobolds
  5 quokkas
  6 ball pythons
  3 bats
  A frilled lizard (D:1)
  6 rats
67 creatures vanquished.

Notes
Turn   | Place    | Note
-------+----------+-------------------------------------------
     0 | D:1      | Zeld the Draconian Transmuter began the quest for the Orb.
     0 | D:1      | Reached XP level 1. HP: 16/16 MP: 3/3
    17 | D:1      | Found a faded altar of an unknown god.
   362 | D:1      | Reached XP level 2. HP: 20/23 MP: 3/5
   480 | D:1      | Learned a level 2 spell: Wereblood
   875 | D:1      | Found Houffoi's Assorted Antiques.
   911 | D:1      | Bought a fuming grey potion for 19 gold pieces
   911 | D:1      | Bought a red potion for 19 gold pieces
   959 | D:1      | Reached XP level 3. HP: 25/28 MP: 4/6
   963 | D:1      | Learned a level 3 spell: Spider Form
   982 | D:1      | Bought a scroll labelled FISILO BURI for 22 gold pieces
  1075 | D:1      | Reached skill level 1 in Poison Magic
  1333 | D:2      | Reached skill level 1 in Ice Magic
  1732 | D:2      | Found Fecvesorph's Magic Scroll Emporium.
  1735 | D:2      | Bought a scroll of identify for 22 gold pieces
  1926 | D:2      | Reached XP level 4. HP: 31/35 MP: 6/8
  2224 | D:2      | Found a runed translucent door.
  2225 | D:2      | Noticed Crazy Yiuf
  2635 | D:2      | Killed Crazy Yiuf
  2839 | D:3      | Reached XP level 5. HP: 40/40 MP: 7/9
  2888 | D:3      | Learned a level 4 spell: Ice Form
  3516 | D:3      | Found a basalt altar of Yredelemnul.
  3525 | D:3      | Found a shimmering blue altar of Sif Muna.
  4063 | D:4      | Noticed a water moccasin
  4480 | D:4      | Killed a water moccasin
  4481 | D:4      | Reached XP level 6. HP: 38/47 MP: 8/11
  4847 | D:4      | Noticed Duvessa
  4847 | D:4      | Noticed Dowan
  5312 | D:3      | Slain by Duvessa

Illustrated notes

Levels and vault maps discovered:
D:1:      ncdulo_wetmaze, layout_rooms, serial_shops, nicolae_shop_trees,
          ebering_ecumenical_altar_box
D:2:      layout_basic, serial_shops, nicolae_shop_behind_doors,
          uniq_crazy_yiuf_cottage
D:3:      layout_basic, mainiacjoe_overflow_swirl
D:4:      layout_loops_ring, nicolae_ru_the_path_less_chosen, uniq_pargi,
          uniq_sigmund, uniq_duvessa, uniq_blork_the_orc

Skill      XL: |  1  2  3  4  5  6 |
---------------+-------------------+-----
Poison Magic   | 1 2 |  2.0
Ice Magic      | 1 2 |  2.0
Transmutations | 3 4 |  4.2
Spellcasting   | 3 4 |  4.0
Fighting       | |  1.1
Dodging        | |  1.7
Unarmed Combat | |  3.0

Action                   |  1- 3 |  4- 6 || total
-------------------------+-------+-------++-------
Melee: Unarmed           |   107 |    85 ||   192
       Kick              |    19 |     9 ||    28
       Headbutt          |    11 |    13 ||    24
       Tailslap          |     4 |     5 ||     9
       Punch             |       |     1 ||     1
 Cast: Beastly Appendage |    32 |    19 ||    51
       Spider Form       |     2 |     5 ||     7
  Use: Potion            |       |     1 ||     1
 Stab: Sleeping          |       |     2 ||     2
Armor: Skin              |    59 |    24 ||    83
Dodge: Dodged            |    98 |    52 ||   150
